 Dungeon Crawl Stone Soup version 0.26.1-2-gb8aa6d0cf2 (webtiles) character file.

Game seed: 1006043515740712104

136 funkygono the Skirmisher (level 5, -1/49 HPs)
             Began as a Gargoyle Fighter on Mar 3, 2021.
             Slain by Sigmund
             ... wielding a +0 scythe
              (10 damage)
             ... on level 3 of the Dungeon.
             The game lasted 00:03:57 (2397 turns).

funkygono the Skirmisher (Gargoyle Fighter)         Turns: 2397, Time: 00:03:58

Health: -1/49      AC: 11    Str: 21    XL:     5   Next: 19%
Magic:  5/5        EV:  7    Int:  8    God:
Gold:   152        SH:  9    Dex:  9    Spells: 4/4 levels left

rFire    . . .     SeeInvis .   m - -2 whip (curse)
rCold    . . .     Faith    .   c - +0 kite shield
rNeg     + . .     Spirit   .   b - +0 scale mail
rPois    ∞         Reflect  .   (no helmet)
rElec    +         Harm     .   (no cloak)
rCorr    .         Rampage  .   (no gloves)
Will     .....                  (no boots)
Stlth    ..........             (no amulet)
HPRegen  0.16/turn              (no ring)
MPRegen  0.09/turn              (no ring)

@: mighty, berserking, very quick
A: negative energy resistance 1, electricity resistance, unbreathing,
petrification resistance, miasma immunity, AC +4
a: no special abilities


You were on level 3 of the Dungeon.
You visited 1 branch of the dungeon, and saw 3 of its levels.

You collected 152 gold pieces.

Inventory:

Hand Weapons
 a - a +0 flail
 l - a +0 whip
 m - a cursed -2 whip (weapon)
Missiles
 h - 26 bolts
Armour
 b - a +0 scale mail (worn)
 c - a +0 kite shield (worn)
Scrolls
 g - a scroll of identify
 n - a scroll of remove curse {unknown}
Potions
 d - 2 potions of might
 e - a potion of flight
 f - 2 potions of brilliance
 i - 2 potions of magic


   Skills:
 * Level 4.1 Fighting
 * Level 3.4 Maces & Flails
 * Level 3.9 Armour
 * Level 0.8 Dodging
 + Level 0.2 Stealth
 * Level 3.9 Shields


You had 4 spell levels left.
You didn't know any spells.
Your spell library contained the following spells:

 Spells                   Type           Power        Failure   Level
 Beastly Appendage        Tmut           0%           99%         1
 Wereblood                Tmut           0%           100%        2
 Spider Form              Tmut/Pois      0%           100%        3
 Ice Form                 Ice/Tmut       0%           100%        4
 Blade Hands              Tmut           0%           100%        5


Dungeon Overview and Level Annotations

Branches:
Dungeon (3/15)

Altars:
Ashenzari
Cheibriados
Nemelex Xobeh
Xom
Zin

Annotations:
D:3 Sigmund


Innate Abilities, Weirdness & Mutations

You are resistant to torment.
Your stone body is resilient. (AC +4)
You are immune to poison.
You resist negative energy. (rN+)
You are resistant to electric shocks. (rElec)
You can survive without breathing.
You are immune to petrification.
You are immune to miasma.


Message History

You miss something.
You hear some strange, mumbled words.
Something tries to affect you, but you resist.
You whack something! Something hits you.
You closely miss something. Something hits you!
You hit something. Something hits you!
You closely miss something. You hit something. Something hits you.
* * * LOW HITPOINT WARNING * * *
You whack something!
You hear some strange, mumbled words.
Something tries to affect you, but you resist.
It was a potion of berserk rage.
A red film seems to cover your vision as you go berserk!
You feel yourself moving faster!
You feel mighty! Something hits you but does no damage.
You closely miss something. You closely miss something. You hit something.
Something hits you!
You die...

#.._#_..#8# ########.##
##..#..##.# #.......#.#
.+#.#.#'..# ##.######.##
..#####..######...#######
...8#8...##.......(.....
.........##.###...######
#######.....# ##.##
####### #?# ## #@# #. #{#
#. #.# #. #.# #. #). #.
##. #. . #. .# #. #.


There were no monsters in sight!

Vanquished Creatures
  2 adders
  4 gnolls (D:2)
  An ooze (D:1)
  A worm (D:3)
  2 dart slugs
  2 leopard geckos (D:2)
  2 ball pythons (D:1)
  6 giant cockroaches
  6 hobgoblins
  7 jackals (D:1)
  13 kobolds
  4 bats
  7 goblins
  6 rats
63 creatures vanquished.

Vanquished Creatures (others)
  5 toadstools (D:1)
5 creatures vanquished.

Grand Total: 68 creatures vanquished

Notes
Turn   | Place    | Note
-------+----------+-------------------------------------------
     0 | D:1      | funkygono the Gargoyle Fighter began the quest for the Orb.
     0 | D:1      | Reached XP level 1. HP: 14/14 MP: 1/1
    74 | D:1      | Reached XP level 2. HP: 18/19 MP: 2/2
   328 | D:1      | Reached XP level 3. HP: 23/23 MP: 3/3
   961 | D:2      | Reached XP level 4. HP: 23/29 MP: 4/4
  1218 | D:2      | Paralysed by a gnoll for 6 turns
  1287 | D:2      | Found a shimmering altar of Xom.
  1494 | D:2      | Reached XP level 5. HP: 31/33 MP: 5/5
  1523 | D:2      | Reached skill level 4 in Fighting
  2001 | D:3      | Found a glowing silver altar of Zin.
  2001 | D:3      | Found a sparkling altar of Nemelex Xobeh.
  2003 | D:3      | Found a broken altar of Ashenzari.
  2041 | D:3      | Found a snail-covered altar of Cheibriados.
  2347 | D:3      | Noticed Sigmund
  2397 | D:3      | Slain by Sigmund

Illustrated notes

Levels and vault maps discovered:
D:1:      ldierk_walled_garden, layout_basic
D:2:      layout_loops_cross, tgw_xom
D:3:      layout_loops_ring, marbit_many_paths,
          nicolae_overflow_quartered_altars, wad_orctagon, uniq_terence,
          uniq_sigmund

Skill      XL: |  1  2  3  4  5 |
---------------+----------------+-----
Maces & Flails | 3 |  3.4
Fighting       | 4 |  4.1
Armour         | |  3.9
Dodging        | |  0.8
Stealth        | |  0.2
Shields        | |  3.9

Action                   |  1- 3 |  4- 6 || total
-------------------------+-------+-------++-------
Melee: Flail             |   128 |    47 ||   175
       Whip              |       |   126 ||   126
  Use: Scroll            |     1 |     3 ||     4
       Potion            |       |     3 ||     3
Armor: Scale mail        |    82 |    62 ||   144
Dodge: Dodged            |    59 |    29 ||    88
Block: Kite shield       |    85 |    51 ||   136
